 Dungeon Crawl Stone Soup version 0.22.1-1-ga44c0e5 (webtiles) character file.

9 Anon1729 the Skirmisher (level 2, -1/29 HPs)
             Began as a Gnoll Wanderer on Nov 2, 2018.
             Slain by a hobgoblin
             ... wielding a +0 club
              (5 damage)
             ... on level 1 of the Dungeon.
             The game lasted 00:02:20 (347 turns).

Anon1729 the Skirmisher (Gnoll Wanderer)             Turns: 347, Time: 00:02:21

Health: -1/29      AC:  2    Str: 16    XL:     2   Next: 16%
Magic:  2/2        EV: 11    Int: 16    God:
Gold:   0          SH:  0    Dex: 10    Spells: 1/1 levels left

rFire    . . .     SeeInvis .   c - -3 dagger (curse)
rCold    . . .     Gourm    .   (no shield)
rNeg     . . .     Faith    .   e - +0 robe
rPois    .         Spirit   .   (no helmet)
rElec    .         Reflect  .   (no cloak)
rCorr    .         Harm     .   (no gloves)
MR       .....                  (no boots)
Stlth    ++........             (no amulet)
HPRegen  0.09/turn              (no ring)
MPRegen  0.08/turn              (no ring)

@: no status effects
A: distributed training, fangs 1, strong nose
a: no special abilities


You were on level 1 of the Dungeon.
You were not hungry.

You visited 1 branch of the dungeon, and saw 1 of its levels.

Inventory:

Hand Weapons
 c - a cursed -3 dagger (weapon)
 d - a +0 blowgun
Armour
 e - a +0 robe (worn)
Scrolls
 b - a scroll of amnesia {unknown}
Comestibles
 f - 2 rations


   Skills:
 + Level 6.4 Fighting
 + Level 0.3 Short Blades
 + Level 0.3 Long Blades
 + Level 0.3 Axes
 + Level 0.3 Maces & Flails
 + Level 0.3 Polearms
 + Level 0.3 Staves
 + Level 0.3 Slings
 + Level 2.4 Bows
 + Level 0.3 Crossbows
 + Level 2.4 Throwing
 + Level 2.4 Armour
 + Level 0.3 Dodging
 + Level 2.2 Stealth
 + Level 0.3 Shields
 + Level 0.3 Unarmed Combat
 + Level 0.3 Spellcasting
 + Level 0.2 Conjurations
 + Level 2.0 Hexes
 + Level 0.2 Charms
 + Level 0.2 Summonings
 + Level 0.2 Necromancy
 + Level 0.2 Translocations
 + Level 0.2 Transmutations
 + Level 0.2 Fire Magic
 + Level 0.2 Ice Magic
 + Level 0.2 Air Magic
 + Level 0.2 Earth Magic
 + Level 3.7 Poison Magic
 + Level 0.4 Invocations
 + Level 0.3 Evocations


You had one spell level left.
You didn't know any spells.
Your spell library contained the following spells:

 Spells                   Type           Power        Failure   Level  Hunger
 Sting                    Conj/Pois      #...         11%         1    ##.....
 Poisonous Vapours        Pois/Air       #.....       17%         2    ###....
 Ensorcelled Hibernation  Hex/Ice        #.....       24%         2    ###....
 Throw Frost              Conj/Ice       #.....       34%         2    ###....
 Mephitic Cloud           Conj/Pois/Air  #.......     38%         3    ####...
 Olgreb's Toxic Radiance  Pois           ##......     47%         4    #####..
 Venom Bolt               Conj/Pois      #.........   97%         5    ######.


Dungeon Overview and Level Annotations

Branches:
Dungeon (1/15)

Altars:


Innate Abilities, Weirdness & Mutations

Your experience applies equally to all skills.
You have very sharp teeth.
Your uncanny sense of smell can sniff out nearby items.


Message History

* * * LOW HITPOINT WARNING * * *
The bat completely misses you.
You aren't carrying any items that you can evoke.
The bat barely misses you. The bat misses you.
The bat hits you but does no damage. The bat hits you but does no damage.
The bat closely misses you.
All of the chunks of flesh in your inventory have rotted away.
The bat barely misses you. The bat barely misses you.
The bat hits you but does no damage.
You hit the bat but do no damage. The bat hits you but does no damage.
The bat barely misses you. The hobgoblin hits you with a club.
* * * LOW HITPOINT WARNING * * *
You hit the bat.
The bat is severely wounded.
The bat closely misses you. The hobgoblin hits you with a club.
* * * LOW HITPOINT WARNING * * *
The bat hits you but does no damage. The hobgoblin hits you with a club.
You die...

......................# .#
........÷.............##..#
.........#........#...#...+###
.........#......).#...#......#
.........#........#...#......#
..................#...#......####
.................b...........##..
........)......g.............##..
....)...........@................
........###############..........
........# ####.>..... ........#
#....... ........# #.......
........# #....... ........#
#....... ##..)..... ∆ #.......
#........# #.......


You could see a hobgoblin and a bat.

Vanquished Creatures
  3 goblins (D:1)
  3 hobgoblins (D:1)
  A frilled lizard (D:1)
  A rat (D:1)
8 creatures vanquished.

Notes
Turn   | Place    | Note
-------+----------+-------------------------------------------
     0 | D:1      | Anon1729 the Gnoll Wanderer began the quest for the Orb.
     0 | D:1      | Anon1729 set off with: 12 poisoned needles, a +0 blowgun, a
                  | +0 robe, a ration
     0 | D:1      | Reached XP level 1. HP: 23/23 MP: 1/1
   244 | D:1      | Reached XP level 2. HP: 29/29 MP: 2/2
   347 | D:1      | Slain by a hobgoblin

Skill      XL: |  1 |
---------------+----+-----
Hexes          | 2 |  2.0
Fighting       | |  6.4
Short Blades   | |  0.3
Long Blades    | |  0.3
Axes           | |  0.3
Maces & Flails | |  0.3
Polearms       | |  0.3
Staves         | |  0.3
Slings         | |  0.3
Bows           | |  2.4
Crossbows      | |  0.3
Throwing       | |  2.4
Armour         | |  2.4
Dodging        | |  0.3
Stealth        | |  2.2
Shields        | |  0.3
Unarmed Combat | |  0.3
Spellcasting   | |  0.3
Conjurations   | |  0.2
Charms         | |  0.2
Summonings     | |  0.2
Necromancy     | |  0.2
Translocations | |  0.2
Transmutations | |  0.2
Fire Magic     | |  0.2
Ice Magic      | |  0.2
Air Magic      | |  0.2
Earth Magic    | |  0.2
Poison Magic   | |  3.7
Invocations    | |  0.4
Evocations     | |  0.3

Action                   || total
-------------------------++-------
Melee: Dagger            ||    27
       Bite              ||     3
       Blowgun           ||     1
 Fire: Blowgun           ||    25
Armor: Robe              ||    26
Dodge: Dodged            ||    62
